 Dungeon Crawl Stone Soup version 0.26.1-11-gd32895ea62 (webtiles) character file.

Game seed: 18221535286087884738

353 kodamatunes15 the Cudgeller (level 6, -14/37 HPs)
             Began as a Gargoyle Wanderer on June 10, 2021.
             Demolished by an ogre
             ... wielding a +0 giant spiked club
              (20 damage)
             ... on level 4 of the Dungeon.
             The game lasted 00:06:26 (2871 turns).

kodamatunes15 the Cudgeller (Gargoyle Wanderer)     Turns: 2871, Time: 00:06:32

Health: -14/37     AC: 10    Str: 17    XL:     6   Next: 62%
Magic:  6/6        EV: 11    Int: 11    God:
Gold:   204        SH:  0    Dex: 11    Spells: 5/5 levels left

rFire    . . .     SeeInvis .   a - +2 mace
rCold    . . .     Faith    .   (no shield)
rNeg     + . .     Spirit   .   b - +0 ring mail
rPois    ∞         Reflect  .   (no helmet)
rElec    +         Harm     .   (no cloak)
rCorr    .         Rampage  .   (no gloves)
Will     .....                  (no boots)
Stlth    +.........             (no amulet)
HPRegen  0.12/turn              (no ring)
MPRegen  0.10/turn              (no ring)

@: no status effects
A: negative energy resistance 1, electricity resistance, unbreathing,
petrification resistance, miasma immunity, AC +4
a: no special abilities


You were on level 4 of the Dungeon.
You visited 1 branch of the dungeon, and saw 4 of its levels.

You collected 204 gold pieces.

Inventory:

Hand Weapons
 a - a +2 mace (weapon)
 c - a +0 hand crossbow
Missiles
 d - 23 bolts
Armour
 b - a +0 ring mail (worn)
 i - a cursed +1 robe
Jewellery
 o - a +4 ring of evasion
 q - an uncursed ring of protection from cold {unknown}
Wands
 v - a wand of paralysis (5)
Scrolls
 k - a scroll of noise
 l - 5 scrolls of teleportation
 r - 2 scrolls of identify
 s - a scroll of remove curse
Potions
 e - a potion of ambrosia {unknown}
 f - 2 potions of curing {unknown}
 g - a potion of resistance {unknown}
 h - a potion of invisibility {unknown}
 j - a potion of degeneration {unknown}
 m - a potion of might {unknown}
 n - a potion of heal wounds {unknown}
 p - a potion of haste {unknown}
 t - 2 potions of lignification {unknown}
 u - a potion of brilliance {unknown}


   Skills:
 + Level 3.1 Fighting
 + Level 5.5 Maces & Flails
 + Level 2.2 Crossbows
 + Level 1.0 Throwing
 + Level 3.6 Armour
 + Level 1.2 Dodging
 + Level 1.2 Stealth


You had 5 spell levels left.
You didn't know any spells.
Your spell library was empty.

Dungeon Overview and Level Annotations

Branches:
Dungeon (4/15)
 Temple: D:4-7

Altars:
Hepliaklqana

Annotations:
D:4 2 transporters


Innate Abilities, Weirdness & Mutations

You are resistant to torment.
Your stone body is resilient. (AC +4)
You are immune to poison.
You resist negative energy. (rN+)
You are resistant to electric shocks. (rElec)
You can survive without breathing.
You are immune to petrification.
You are immune to miasma.


Message History

You hit the ogre but do no damage.
The ogre is severely wounded.
The jackal closely misses you.
The jackal bites you but does no damage.
The ogre closely misses you. The jackal barely misses you.
The jackal bites you but does no damage.
The jackal barely misses you.
You hit the ogre.
The ogre is severely wounded.
The jackal barely misses you. The jackal closely misses you.
The ogre closely misses you.
The jackal bites you but does no damage. x2
You hit the ogre.
The ogre is almost dead.
The jackal bites you.
* * * LOW HITPOINT WARNING * * *
The jackal closely misses you. x2
The ogre hits you with a +0 giant spiked club!!
Ouch! That really hurt!
You die...

.....##.#... .#..##
.##... #....
.##.###.....# ##..#..
....)........####.......
....##..#....#......!...
.....##....# .[........
...........# #.........
...........# ##hhh......
#.#.#..#...###..@O......
###.#..#...........##...
# ####......##.....#
#......#.......#
###...##.......#
##..##.........
#######......## #....#.#
#.###


You could see an ogre and 3 jackals.

Vanquished Creatures
  A bullfrog (D:4)
  A howler monkey (D:4)
  An orc wizard (D:4)
  An orc priest (D:4)
  3 hounds (D:4)
  4 adders
  A gnoll (D:4)
  2 oozes (D:1)
  A leopard gecko (D:1)
  4 orcs
  5 bats
  4 giant cockroaches
  3 goblins
  7 hobgoblins
  3 jackals (D:2)
  2 quokkas
  A ball python (D:1)
  5 kobolds
  10 rats
59 creatures vanquished.

Notes
Turn   | Place    | Note
-------+----------+-------------------------------------------
     0 | D:1      | kodamatunes15 the Gargoyle Wanderer began the quest for the
                  | Orb.
     0 | D:1      | kodamatunes15 set off with the following items: a +2 mace,
                  | a +0 ring mail, a +0 hand crossbow, 23 bolts
     0 | D:1      | Reached XP level 1. HP: 12/12 MP: 1/1
   250 | D:1      | Reached XP level 2. HP: 17/17 MP: 2/2
   493 | D:1      | Reached XP level 3. HP: 22/22 MP: 3/3
   957 | D:2      | Reached skill level 4 in Maces & Flails
  1169 | D:2      | You fall into a shaft and drop 1 floor!
  1177 | D:3      | Reached XP level 4. HP: 20/27 MP: 4/4
  2155 | D:3      | Found a hazy altar of Hepliaklqana.
  2378 | D:4      | Reached XP level 5. HP: 21/31 MP: 5/5
  2382 | D:4      | Reached skill level 1 in Dodging
  2394 | D:4      | Reached skill level 5 in Maces & Flails
  2394 | D:4      | Reached XP level 6. HP: 22/37 MP: 6/6
  2754 | D:4      | Found a transporter.
  2761 | D:4      | Found a transporter.
  2871 | D:4      | Demolished by an ogre

Illustrated notes

Levels and vault maps discovered:
D:1:      dpeg_arrival_three_bigger_balls, layout_basic
D:2:      layout_basic
D:3:      layout_loops_ring, nzn_hepliaklqana_mist_gate, minmay_ruptured
D:4:      kennysheep_six_static_rooms, layout_cave_pools,
          gammafunk_temple_overflow_elements, gammafunk_ghost_gnarly_gnolls,
          cheibrodos_gnoll_hut

Skill      XL: |  1  2  3  4  5 |
---------------+----------------+-----
Maces & Flails | 4 5 |  5.5
Armour         | 2 3 |  3.6
Dodging        | 1 |  1.2
Fighting       | 3 |  3.1
Crossbows      | |  2.2
Throwing       | |  1.0
Stealth        | |  1.2

Action                   |  1- 3 |  4- 6 || total
-------------------------+-------+-------++-------
Melee: Mace              |    91 |    95 ||   186
  Use: Scroll            |     6 |     1 ||     7
Armor: Ring mail         |    67 |    49 ||   116
Dodge: Dodged            |    93 |    74 ||   167
